 Dungeon Crawl Stone Soup version 0.29.1-2-gbd0b4ee654 (webtiles) character file.

Game seed: 6298283834664654214

1381 KittyFluff the Cudgeller (level 8, -2/91 HPs)
             Began as a Demonspawn Berserker on Nov 30, 2022.
             Was a Priest of Trog.
             Slain by a kobold brigand
             ... wielding a +0 dagger
              (5 damage)
             ... on level 6 of the Dungeon.
             The game lasted 00:28:35 (4744 turns).

KittyFluff the Cudgeller (Demonspawn Berserker)     Turns: 4744, Time: 00:28:37

Health: -2/91      AC: 10    Str: 25    XL:     8   Next: 39%
Magic:  8/8        EV: 13    Int: 10    God:    Trog [***...]
Gold:   82         SH:  5    Dex: 16    Spells: 7/7 levels left

rFire   + . .      SeeInvis .   L - +5 morningstar of the Countless Gods {elec, rElec Str+6 Dex+4}
rCold   + . .      Faith    .   (no shield)
rNeg    . . .      Spirit   .   b - +0 steam dragon scales
rPois   .          Reflect  +   D - +0 helmet
rElec   +          Harm     .   J - scarf {rC+ rF+}
rCorr   .          Rampage  .   (no gloves)
Will    .....                   (no boots)
Stlth   ..........              t - amulet of reflection
HPRegen 0.25/turn               e - ring of flight
MPRegen 0.11/turn               (no ring)

@: berserking, lethally poisoned (-2 -> -17), flying, slowed
A: icy blue scales 2, spiny 2, demonic touch 1
a: Renounce Religion, Berserk, Trog's Hand


You were on level 6 of the Dungeon.
You worshipped Trog.
Trog was most pleased with you.
You visited 1 branch of the dungeon, and saw 6 of its levels.
You also visited: Sewer.

You collected 434 gold pieces.
You spent 352 gold pieces at shops.

Inventory:

Hand Weapons
 o - a +4 whip
 u - a +0 sling
 L - the +5 morningstar of the Countless Gods (weapon) {elec, rElec Str+6 Dex+4}
   (You found it on level 4 of the Dungeon)

   It occasionally discharges a powerful burst of electricity upon striking a
   foe.
   Str:       It affects your strength (+6).
   Dex:       It affects your dexterity (+4).
   rElec:     It insulates you from electricity.
Missiles
 l - 3 stones (quivered)
 n - 18 poisoned darts
 v - 10 boomerangs
Armour
 b - +0 steam dragon scales (worn)
 C - a +0 crystal plate armour
 D - a +0 helmet (worn)
 J - a scarf of resistance (worn)
Jewellery
 e - a ring of flight (left hand)
 t - an amulet of reflection (around neck)
Wands
 q - a wand of light (10)
 I - a wand of flame (21)
Scrolls
 c - 2 scrolls of teleportation {unknown}
 d - a scroll of magic mapping
 f - 2 scrolls of vulnerability {unknown}
 i - 2 scrolls of poison
 j - 2 scrolls of silence {unknown}
 k - 2 scrolls of enchant armour {unknown}
 r - 2 scrolls of butterflies {unknown}
 s - 2 scrolls of blinking {unknown}
 y - a scroll of acquirement {unknown}
 z - a scroll of summoning {unknown}
 A - 3 scrolls of identify {unknown}
 F - 2 scrolls of noise {unknown}
 G - a scroll of fear {unknown}
Potions
 a - a potion of haste {unknown}
 g - a potion of magic {unknown}
 h - 5 potions of curing {unknown}
 m - 3 potions of flight {unknown}
 p - a potion of might {unknown}
 w - a potion of heal wounds {unknown}
 x - a potion of invisibility {unknown}
 B - a potion of berserk rage {unknown}
 E - a potion of cancellation {unknown}
 H - 3 potions of mutation {unknown}


   Skills:
 + Level 4.8 Fighting
 * Level 6.5 Maces & Flails
 + Level 2.1 Throwing
 + Level 3.8 Armour
 + Level 3.5 Dodging
 + Level 2.4 Stealth
 + Level 2.2 Shields


You had 7 spell levels left.
You didn't know any spells.
Your spell library contained the following spells:

 Spells                   Type           Power      Damage    Failure   Level
 Blink                    Tloc           0%         N/A       50%         2
 Ensorcelled Hibernation  Hex/Ice        0%         N/A       50%         2
 Passwall                 Tmut/Erth      0%         N/A       50%         2
 Swiftness                Air            0%         N/A       75%         3
 Manifold Assault         Tloc           0%         N/A       100%        5
 Storm Form               Tmut/Air       0%         N/A       100%        7


Dungeon Overview and Level Annotations

Branches:
Dungeon (6/15)             Temple (0/1) D:4           Sewer (visited)

Altars:
Kikubaaqudgha
Qazlal

Shops:
D:1 :   D:3 (   D:6 *=

Annotations:
D:6 safid's ghost, amateur MiHu


Innate Abilities, Weirdness & Mutations

You are mostly covered in icy blue scales. (AC +3)
You are mostly covered in sharp spines.
Your touch may inflict minor irresistible damage on your foes.


Message History

You are no longer poisoned.
The kobold brigand barely misses you.
The kobold brigand is struck by your spines.
The kobold brigand barely misses you.
You impale the kobold brigand!!
You kill the kobold brigand!
Trog accepts your kill.
The kobold brigand throws a curare-tipped dart.
The curare-tipped dart hits you.
You are poisoned.
You have difficulty breathing.
You feel as though you will be slow longer.
The kobold brigand is struck by your spines.
The kobold brigand barely misses you.
You barely miss the kobold brigand.
The kobold brigand is moderately wounded.
You feel very sick.
The kobold brigand hits you with a +2 dagger of distortion.
Space warps horribly around you!
Really read the scroll of poison?
The air fills with toxic fumes!
As you read the scroll of poison, it crumbles to dust.
You feel very sick.
The kobold brigand is struck by your spines.
The kobold brigand misses you. The kobold brigand closely misses you.
You closely miss the kobold brigand. Your touch misses the kobold brigand.
The kobold brigand is heavily wounded.
You feel sick.
The kobold brigand hits you but does no damage.
You blink.
The kobold brigand hits you with a +0 dagger.
* * * LOW HITPOINT WARNING * * *
A red film seems to cover your vision as you go berserk!
You feel yourself moving faster!
You feel mighty!
You are engulfed in poison gas.
You are lethally poisoned!
* * * LOW HITPOINT WARNING * * *
x2 You feel extremely sick.
The kobold brigand hits you with a +0 dagger.
You die...

#################################
.............#§§KKK)§...#........
.............#§§WKK######........
.......<.....+§§§K##.⌠.##........
.............#§§@.#K#.#.##.....##
........###+####..'..#..?#.....##
........#*...###..'.....(#...:...
........+,........'..#..[#.......
##+##...#*........#.#.#.##..<....
#*,*#####*........##.⌠.###.....##
#,,,,,,,**...####..#######.....##
#,,,,,,,**...###..###...##.....#.
#,,,,,,,,,..,#.................#.


You could see 7 kobold brigands and safid's ghost.

Vanquished Creatures
  A steam dragon (D:6)
  Pargi (Sewer)
  A black bear (D:5)
  A centaur (D:6)
  A kobold brigand (D:6)
  2 scorpions (D:6)
  A bullfrog (D:6)
  4 jellies
  4 hounds
  A gnoll bouda (D:4)
  2 orc priests (D:5)
  Jessica (D:3)
  2 iguanas (D:5)
  3 orc wizards (D:5)
  8 gnolls (D:5)
  8 adders
  A shadow imp (D:5)
  3 white imps
  An ufetubus (D:5)
  A worm (D:5)
  A dart slug (D:1)
  10 orcs
  2 bats
  3 endoplasms
  2 giant cockroaches
  5 goblins
  5 hobgoblins
  3 jackals (Sewer)
  7 kobolds
  4 ball pythons
  3 frilled lizards
  7 rats
99 creatures vanquished.

Notes
Turn   | Place    | Note
-------+----------+-------------------------------------------
     0 | D:1      | KittyFluff the Demonspawn Berserker began the quest for the
                  | Orb.
     0 | D:1      | Reached XP level 1. HP: 18/18 MP: 1/1
   157 | D:1      | You are sucked into a shaft and drop 1 floor!
   545 | D:1      | Gained mutation: You are partially covered in sharp spines.
                  | [demonic ancestry]
   545 | D:1      | Reached XP level 2. HP: 22/24 MP: 2/2
   551 | D:1      | Found Keocaell's Book Shoppe.
   896 | D:2      | Reached skill level 3 in Maces & Flails
  1477 | D:3      | Found a glowing drain.
  1533 | Sewer    | Entered a sewer
  1554 | Sewer    | Gained mutation: Your touch may inflict minor irresistible
                  | damage on your foes. [demonic ancestry]
  1554 | Sewer    | Reached XP level 3. HP: 23/29 MP: 3/3
  1606 | Sewer    | Noticed Pargi
  1616 | Sewer    | Killed Pargi
  1617 | Sewer    | Reached skill level 1 in Stealth
  1617 | Sewer    | Gained mutation: You are partially covered in icy blue
                  | scales. (AC +2) [demonic ancestry]
  1617 | Sewer    | Reached XP level 4. HP: 37/37 MP: 4/4
  1797 | D:3      | Reached XP level 5. HP: 42/42 MP: 5/5
  1893 | D:3      | Noticed a fire elemental
  1894 | D:3      | Found a stormy altar of Qazlal.
  1902 | D:3      | Noticed an air elemental
  1904 | D:3      | Noticed a water elemental
  1951 | D:3      | Found Unour's Weapon Shop.
  1986 | D:3      | Noticed Jessica
  1991 | D:3      | Killed Jessica
  2296 | D:4      | Reached skill level 4 in Maces & Flails
  2305 | D:4      | Found a staircase to the Ecumenical Temple.
  2405 | D:4      | Identified the +5 morningstar of the Countless Gods {elec,
                  | rElec Str+6 Dex+4}
  2468 | D:4      | Reached ** piety under Trog
  3000 | D:5      | Entered Level 5 of the Dungeon
  3004 | D:5      | Gained mutation: You are mostly covered in sharp spines.
                  | [demonic ancestry]
  3004 | D:5      | Reached XP level 6. HP: 48/48 MP: 6/6
  3011 | D:4      | Reached skill level 1 in Throwing
  3481 | D:5      | Reached skill level 1 in Shields
  3598 | D:5      | Reached XP level 7. HP: 49/54 MP: 7/7
  3645 | D:5      | Reached skill level 5 in Maces & Flails
  3845 | D:5      | Reached *** piety under Trog
  4034 | D:6      | Noticed a steam dragon
  4046 | D:6      | Killed a steam dragon
  4047 | D:6      | Gained mutation: You are mostly covered in icy blue scales.
                  | (AC +3) [demonic ancestry]
  4047 | D:6      | Reached XP level 8. HP: 41/61 MP: 8/8
  4274 | D:6      | Found Back's Neck Hole.
  4285 | D:6      | Found Uluul's Jewellery Emporium.
  4301 | D:6      | Bought a scarf of resistance for 352 gold pieces
  4372 | D:6      | Reached skill level 6 in Maces & Flails
  4575 | D:6      | Found an ancient bone altar of Kikubaaqudgha.
  4722 | D:6      | Found a runed translucent gate.
  4722 | D:6      | Found a runed translucent gate.
  4722 | D:6      | Found a runed translucent gate.
  4722 | D:6      | Noticed safid's ghost (amateur MiHu)
  4744 | D:6      | HP: 3/91 [poisoned by you (poison gas)]
  4744 | D:6      | Slain by a kobold brigand

Illustrated notes

Levels and vault maps discovered:
D:1:      zelgadis_glass_arrival_large, layout_basic, serial_shops, shop
D:2:      layout_loops_ring
D:3:      layout_basic, nicolae_qazlal_style_of_elements, portal_sewer_entry_a,
          serial_shops, nicolae_shop_bloodbath_and_beyond, uniq_jessica
D:4:      layout_loops_cross, minmay_temple_entry_drinking_statues
D:5:      layout_cave_pools
D:6:      layout_gridville, old_standard_altar, serial_shops,
          nicolae_shop_window_shopping, gammafunk_ghost_nasty_kobolds,
          nicolae_shop_sticking_my_neck_out

Skill      XL: |  1  2  3  4  5  6  7  8 |
---------------+-------------------------+-----
Maces & Flails | 3 4 5 6 |  6.5
Dodging        | 2 3 |  3.5
Armour         | 2 3 |  3.8
Stealth        | 1 2 |  2.4
Fighting       | 4 |  4.8
Throwing       | 1 2 |  2.1
Shields        | 1 2 |  2.2

Action                   |  1- 3 |  4- 6 |  7- 9 || total
-------------------------+-------+-------+-------++-------
Melee: Mace              |    27 |       |       ||    27
       Whip              |    31 |    28 |       ||    59
       Touch             |     2 |     8 |     8 ||    18
       Morningstar       |       |    30 |    57 ||    87
Throw: Stone             |    11 |    41 |       ||    52
       Dart              |       |     1 |       ||     1
Invok: Berserk           |     2 |     2 |     2 ||     6
  Use: Scroll            |       |     1 |     2 ||     3
Armor: Animal skin       |    10 |    12 |     5 ||    27
       Leather armour    |       |       |     6 ||     6
       Steam dragon scal |       |       |     2 ||     2
Dodge: Dodged            |    20 |    20 |    32 ||    72
Block: Other             |     8 |    19 |    14 ||    41
       Reflection        |       |       |     1 ||     1
